 Dungeon Crawl Stone Soup version 0.30.0-10-gfe55d96785 (webtiles) character file.

Game seed: 7466024175065598423

2544 McKennaii the Destroyer (level 9, -3/62 HPs)
             Began as a Demigod Conjurer on May 14, 2023.
             Killed from afar by a gargoyle (19 damage)
             ... with a stone arrow
             ... on level 7 of the Dungeon.
             The game lasted 00:09:29 (6947 turns).

McKennaii the Destroyer (Demigod Conjurer)          Turns: 6947, Time: 00:09:29

Health: -3/62      AC: 12    Str: 11    XL:     9   Next: 9%
Magic:  13/24      EV: 16    Int: 38    God:
Gold:   359        SH:  0    Dex: 12    Spells: 13/23 levels left

rFire   + + .        e - staff of fire
rCold   + . .        (no shield)
rNeg    . . .        F - +2 leather armour {rF+}
rPois   .            G - +0 helmet
rElec   .            x - +2 cloak
rCorr   .            s - +0 pair of gloves of Snakes and Ladders {rC+ Str+3}
SInv    .            z - +1 pair of boots {Stlth+}
Will    .....        I - amulet of magic regeneration
Stlth   +++          c - +6 ring of intelligence
HPRegen 0.30/turn    d - +5 ring of evasion
MPRegen 0.59/turn

%: no passive effects
@: no status effects
A: high MP 1, forlorn, divine attributes
a: no special abilities


You were on level 7 of the Dungeon.
You visited 1 branch of the dungeon, and saw 7 of its levels.

You collected 359 gold pieces.

Inventory:

Missiles
 y - 2 throwing nets
Armour
 a - a +0 robe
 s - the +0 pair of gloves of Snakes and Ladders (worn) {rC+ Str+3}
   (You found it on level 3 of the Dungeon)

   Str:       It affects your strength (+3).
   rC:        It protects you from cold.
 x - a +2 cloak (worn)
 z - a +1 pair of boots of stealth (worn)
 F - a +2 leather armour of fire resistance (worn)
 G - a +0 helmet (worn)
Magical Staves
 e - a staff of fire (weapon)
Jewellery
 c - a +6 ring of intelligence (left hand)
 d - a +5 ring of evasion (right hand)
 g - a ring of resist corrosion
 u - a ring of positive energy
 D - a ring of protection from fire
 I - an amulet of magic regeneration (around neck)
Wands
 J - a wand of acid (11)
Scrolls
 i - a scroll of blinking {unknown}
 j - 5 scrolls of identify {unknown}
 n - a scroll of immolation {unknown}
 o - a scroll of brand weapon
 p - 2 scrolls of amnesia
 r - 2 scrolls of enchant armour {unknown}
 t - a scroll of enchant weapon {unknown}
 v - a scroll of teleportation {unknown}
 w - a scroll of fear {unknown}
 B - a scroll of vulnerability {unknown}
Potions
 b - a potion of magic
 f - 2 potions of brilliance {unknown}
 k - 2 potions of might {unknown}
 l - a potion of degeneration {unknown}
 m - a potion of heal wounds {unknown}
 q - 3 potions of curing {unknown}
 A - a potion of cancellation {unknown}
 C - 2 potions of lignification {unknown}
 E - 2 potions of flight {unknown}
 H - 2 potions of haste {unknown}


   Skills:
 - Level 1.7 Dodging
 - Level 1.7 Stealth
 + Level 7.7 Spellcasting
 + Level 9.0 Conjurations


You had 13 spell levels left.
You knew the following spells:

 Your Spells              Type           Power      Damage    Failure   Level
a - Magic Dart            Conj           100%       1d8       1%          1
b - Searing Ray           Conj           100%       2d8       1%          2
c - Iskenderun's Mystic   Conj/Tloc      49%        2d11      5%          4
d - Stone Arrow           Conj/Erth      98%        3d13      1%          3

Your spell library contained the following spells:

 Spells                   Type           Power      Damage    Failure   Level
 Dazzling Flash           Conj/Hex       98%        N/A       1%          3
 Apportation              Tloc           28%        N/A       3%          1
 Sandblast                Erth           28%        2d8       3%          1
 Mephitic Cloud           Conj/Pois/Air  37%        N/A       3%          3
 Call Imp                 Summ           28%        N/A       4%          2
 Passwall                 Tmut/Erth      11%        N/A       4%          2
 Sublimation of Blood     Necr           14%        N/A       4%          2
 Fulminant Prism          Conj/Hex       24%        3d12      5%          4
 Portal Projectile        Hex/Tloc       28%        N/A       10%         3
 Tukima's Dance           Hex            14%        N/A       10%         3
 Irradiate                Conj/Tmut      24%        3d19      14%         5
 Petrify                  Tmut/Erth      14%        N/A       32%         4
 Alistair's Intoxication  Tmut/Pois      9%         N/A       67%         5
 Blade Hands              Tmut           7%         N/A       67%         5
 Simulacrum               Ice/Necr       7%         N/A       99%         6
 Ozocubu's Refrigeration  Ice            7%         4d9       100%        7
 Polar Vortex             Ice            7%         N/A       100%        9


Dungeon Overview and Level Annotations

Branches:
Dungeon (7/15)             Temple (0/1) D:4


Innate Abilities, Weirdness & Mutations

You have an increased reservoir of magic. (+10% MP)
You shall have no god before yourself.
Your divine heritage dramatically boosts your attributes as you level up.


Message History

A gnoll bouda comes into view. It is wielding a +0 club.
Unknown command.
Unknown command.
Casting: Iskenderun's Mystic Blast (dangerous; 5% risk of failure)
Confirm with . or Enter, or press ? or * to list all spells.
You erupt in a blast of force!
The mystic blast hits the hound!
The hound is heavily wounded.
The hound is knocked back by the mystic blast.
The hound collides with the wyvern!
The hound is almost dead.
The mystic blast hits the gargoyle but does no damage.
The gargoyle is moderately damaged.
The gargoyle hits you with a +0 morningstar!
* * * LOW HITPOINT WARNING * * *
An ufetubus comes into view.
The ufetubus shouts!
Unknown command.
Okay, then.
As you read the scroll labelled LIPPONOULI, it crumbles to dust.
It is a scroll of amnesia.
Really abort (and waste the scroll)? [Y]es or [N]o only, please.
Really abort (and waste the scroll)?
Okay, then.
Something shouts, "Take thy face hence, thou mammering nose-picking erk!"
The gargoyle closely misses you.
Unknown command.
Unknown command.
As you read the scroll labelled YBUTRU TEUCUA, it crumbles to dust.
The scroll dissolves into smoke.
It was a scroll of fog.
The gargoyle misses you. The ufetubus closely misses you.
The ufetubus hits you.
* * * LOW HITPOINT WARNING * * *
As you read the scroll labelled LUNUSOXEVU, it crumbles to dust.
It is a scroll of brand weapon.
You aren't carrying any weapons that can be branded.
The ufetubus barely misses you. The ufetubus misses you.
The gargoyle hurls a stone arrow at you.
The stone arrow hits you!!
You die...

♣ #... ♣♣♣♣.♣♣♣♣♣♣
♣.♣ #... .....§§§§.♣
♣.♣ #..# .....§5@§§♣
♣♣.♣♣#..# .+#####9§§♣
#♣...♣#..#.# h#§§♣
#.....#..#.#
Tl#..♣♣#.P...#..#.#
gKW#.......~P)...#.#
....#..♣♣#...P.#).#.#
.....#..♣
#.....#).#.#
+#####+..♣
#♣...♣#.)#.# ...♣
♣♣.♣♣#.....


You could see a troll, a wraith, a wyvern, a gargoyle, a kobold brigand, a gnoll
bouda, a hound and an ufetubus.

Vanquished Creatures
  Grinder (D:4)
  Eustachio (D:5)
  Edmund (D:6)
  Menkaure (D:4)
  A water moccasin (D:7)
  2 orc warriors (D:7)
  A black bear (D:6)
  2 sky beasts (D:6)
  3 ogres
  A centaur (D:7)
  A phantom (D:5)
  Blork the orc (D:6)
  A bullfrog (D:7)
  A gnoll sergeant (D:6)
  2 scorpions (D:6)
  2 orc priests
  2 hounds (D:4)
  A jelly (D:3)
  Crazy Yiuf (D:2)
  A sleepcap (D:6)
  5 iguanas
  5 orc wizards
  5 adders
  5 gnolls (D:6)
  A river rat (D:3)
  3 shadow imps
  2 ufetubi
  6 worms
  2 dart slugs (D:4)
  9 orcs
  11 endoplasms
  7 giant cockroaches
  9 goblins
  7 hobgoblins
  4 jackals (D:3)
  4 quokkas
  5 ball pythons
  4 bats
  9 frilled lizards
  9 kobolds
  8 rats
147 creatures vanquished.

Notes
Turn   | Place    | Note
-------+----------+-------------------------------------------
     0 | D:1      | McKennaii the Demigod Conjurer began the quest for the Orb.
     0 | D:1      | Reached XP level 1. HP: 14/14 MP: 5/5
   329 | D:1      | Reached XP level 2. HP: 20/20 MP: 2/7
   659 | D:1      | Learned a level 2 spell: Searing Ray
   737 | D:2      | Reached skill level 4 in Conjurations
  1035 | D:2      | Reached XP level 3. HP: 26/26 MP: 2/9
  1344 | D:2      | You fall into a shaft and drop 2 floors!
  1445 | D:4      | Noticed Grinder
  1455 | D:4      | Killed Grinder
  1456 | D:4      | Reached skill level 5 in Conjurations
  1456 | D:4      | Reached XP level 4. HP: 33/33 MP: 0/12
  1456 | D:4      | Reached XP level 5. HP: 38/38 MP: 0/13
  2209 | D:3      | Learned a level 4 spell: Iskenderun's Mystic Blast
  2213 | D:3      | Learned a level 3 spell: Stone Arrow
  2242 | D:3      | Identified the +0 pair of gloves of Snakes and Ladders {rC+
                  | Str+3}
  2835 | D:3      | Noticed an ogre
  2839 | D:3      | Reached XP level 6. HP: 45/45 MP: 10/15
  3084 | D:2      | Found a runed translucent door.
  3085 | D:2      | Noticed Crazy Yiuf
  3371 | D:2      | Killed Crazy Yiuf
  3752 | D:4      | Noticed Menkaure
  3757 | D:4      | Killed Menkaure
  3758 | D:4      | Reached skill level 6 in Conjurations
  3771 | D:4      | Reached skill level 5 in Spellcasting
  3771 | D:4      | Reached XP level 7. HP: 50/50 MP: 2/18
  4375 | D:4      | Found a staircase to the Ecumenical Temple.
  4688 | D:5      | Entered Level 5 of the Dungeon
  4807 | D:5      | Reached skill level 7 in Conjurations
  5030 | D:5      | Noticed Eustachio
  5048 | D:5      | Killed Eustachio
  5228 | D:5      | Reached XP level 8. HP: 57/57 MP: 12/20
  5760 | D:6      | Noticed Edmund
  5964 | D:6      | Noticed Blork the orc
  5971 | D:6      | Killed Blork the orc
  6139 | D:6      | Reached skill level 8 in Conjurations
  6208 | D:6      | Killed Edmund
  6881 | D:7      | Reached XP level 9. HP: 62/62 MP: 17/24
  6889 | D:7      | Reached skill level 9 in Conjurations
  6937 | D:7      | Noticed a gargoyle
  6937 | D:7      | Noticed a manticore
  6938 | D:7      | Noticed a manticore
  6947 | D:7      | Killed from afar by a gargoyle

Illustrated notes

Levels and vault maps discovered:
D:1:      dpeg_arrival_boxes_within_box, layout_rooms
D:2:      layout_basic, uniq_crazy_yiuf_cottage
D:3:      layout_rooms, gup_sewer_entry_bubbles, chequers_arboretum,
          minmay_pentangle
D:4:      minmay_razor_zed, layout_loops_ring, lemuel_temple_firewalk_b,
          uniq_menkaure, uniq_grinder
D:5:      layout_rooms, chequers_temple_overflow_minitemple,
          nicolae_overflow_crystal_walls, corner_web_ring, uniq_eustachio
D:6:      layout_basic, kennysheep_ying_yang, nicolae_hepliaklqana_hazy_memory,
          uniq_blork_the_orc, uniq_edmund
D:7:      nzn_winding_woodlands_cross [nzn_winding_woodlands_5x15_zeroes,
          nzn_winding_woodlands_5x15_garden, nzn_winding_woodlands_5x15_pockets,
          nzn_winding_woodlands_5x15_eye, nzn_winding_woodlands_15x15_killbox],
          layout_basic, grunt_ministairs_14, st_stairs_14, water_maze_lemuel,
          uniq_prince_ribbit1

Skill      XL: |  1  2  3  4  5  6  7  8  9 |
---------------+----------------------------+-----
Spellcasting   | 2 3 4 5 6 7 |  7.7
Conjurations   | 4 5 6 7 8 9 |  9.0
Dodging        | |  1.7
Stealth        | |  1.7

Action                     |  1- 3 |  4- 6 |  7- 9 || total
---------------------------+-------+-------+-------++-------
  Melee: Staff             |       |     1 |     2 ||     3
   Cast: Magic Dart        |    63 |    68 |   108 ||   239
         Searing Ray       |     2 |    12 |    40 ||    54
         Iskenderun's Myst |       |       |     5 ||     5
    Use: Scroll            |       |       |     3 ||     3
 Armour: Robe              |     1 |     2 |    22 ||    25
         Leather armour    |       |       |    11 ||    11
  Dodge: Dodged            |     1 |    18 |    84 ||   103
